Map: Battle on the Boardwalk LE

Players

Erfeyah - Winner!

  • Race: Terran Terran
  • Spawn Location: 1:00

VOD

Have the link to the VOD?

Description

Time

  • Played on: Nov. 27, 2017, 6:12 p.m.
  • Length: 24:55
Show
View Real Time Build Order
Export as new Build Order

Erfeyah Terran - Winner!

Build Orders:  

Get SALT Encoding   

  12  0:08  SCV  
  12  0:20  SCV  
  12  0:34  SCV  
  12  0:35  Supply Depot  
  12  0:56  SCV  
  12  1:07  Supply Depot  
  12  1:09  SCV  
  12  1:18  Barracks  
  12  1:26  Refinery  
  12  1:28  SCV  
  12  1:40  SCV  
  12  1:52  SCV  
  12  2:14  SCV  
  12  2:18  Marine  
  12  2:27  SCV  
  12  2:36  Marine  
  12  2:39  Supply Depot  
  12  2:54  Marine  
  12  2:58  Command Center  
  12  3:02  Supply Depot  
  12  3:06  Barracks  
  12  3:14  SCV  
  12  3:15  Marine  
  12  3:26  SCV  
  12  3:33  Marine  
  12  3:39  SCV  
  12  3:51  Marine  
  12  3:58  Barracks  
  12  4:09  Marine  
  12  4:15  Marine  
  12  4:17  SCV x2  
  12  4:27  Marine  
  12  4:29  SCV  
  12  4:30  SCV  
  12  4:33  Marine  
  12  4:41  SCV  
  12  4:42  SCV  
  12  4:49  Command Center  
  12  5:04  Marine x2  
  12  5:05  Marine  
  12  5:07  SCV x2  
  12  5:19  SCV x2  
  12  5:22  Marine x3  
  12  5:36  Refinery  
  12  5:40  Marine x3  
  12  5:46  SCV x2  
  12  5:58  SCV x2, Marine x3  
  12  6:15  Orbital Command  
  12  6:16  SCV, Marine x2  
  12  6:17  SCV, Marine  
  12  6:29  SCV  
  12  6:33  Marine  
  12  6:34  Marine  
  12  6:35  Marine  
  12  6:39  Factory  
  12  6:50  SCV x3  
  12  6:51  Marine  
  12  6:52  Marine  
  12  6:53  Marine  
  12  7:02  SCV  
  12  7:21  Supply Depot  
  12  7:42  Orbital Command  
  12  7:43  SCV x2  
  12  7:44  Supply Depot  
  12  7:56  Orbital Command  
  12  8:05  Supply Depot  
  12  8:28  Supply Depot  
  12  8:51  SCV x2  
  12  8:52  SCV, Marine x3  
  12  8:53  Supply Depot  
  12  9:03  SCV x2  
  12  9:04  SCV  
  12  9:10  Marine x3  
  12  9:15  SCV, Supply Depot  
  12  9:28  Marine x3  
  12  9:33  Starport  
  12  9:35  SCV x3  
  12  9:36  Starport  
  12  9:45  Marine  
  12  9:46  Marine x2  
  12  9:47  SCV x3, Starport  
  12  9:59  SCV x2  
  12  10:03  Marine x2  
  12  10:04  Marine  
  12  10:21  Marine x2  
  12  10:22  Marine  
  12  10:31  SCV x2  
  12  10:32  SCV  
  12  10:35  Medivac x2  
  12  10:36  Medivac  
  12  10:39  Marine x3  
  12  10:56  SCV  
  12  11:15  Supply Depot  
  12  11:36  SCV, Medivac x3, Marine  
  12  11:38  Supply Depot  
  12  11:59  Marine x3  
  12  12:00  SCV x3  
  12  12:01  Supply Depot  
  12  12:06  Medivac  
  12  12:07  Supply Depot  
  12  12:22  Medivac x2, Marine x2  
  12  12:23  SCV x2  
  12  12:25  Supply Depot  
  12  12:28  Marine  
  12  12:30  Supply Depot  
  12  12:34  SCV  
  12  12:35  SCV x2  
  12  12:36  Medivac  
  12  12:40  Marine x2  
  12  12:46  SCV, Marine  
  12  12:52  Medivac x2  
  12  12:53  Supply Depot  
  12  12:58  Marine  
  12  13:04  Marine  
  12  13:05  Marine  
  12  13:06  Medivac  
  12  13:15  Supply Depot  
  12  13:16  Marine  
  12  13:22  Medivac x2, Marine  
  12  13:23  Marine  
  12  13:34  Marine  
  12  13:36  Medivac  
  12  13:37  Supply Depot  
  12  13:39  Marine  
  12  13:41  Marine  
  12  13:51  Marine  
  12  13:52  Medivac x2  
  12  14:03  Supply Depot  
  12  14:06  Viking  
  12  14:22  Viking x2  
  12  14:26  Supply Depot  
  12  14:36  Viking  
  12  14:52  Viking x2  
  12  15:06  Viking  
  12  15:45  Marine  
  12  15:46  Marine  
  12  18:51  Marine x2  
  12  18:52  Marine  
  12  18:53  SCV x3  
  12  18:58  Medivac  
  12  18:59  Viking  
  12  19:00  Viking  
Tags
 
Add a new tag
Caveats
  • Supply blocks, unpowered buildings, or Contaminate may cause inaccurate times.
  • Supply counts are checked every 10 seconds.